 Dungeon Crawl Stone Soup version 0.25-a0-424-g80bd347ae0 (webtiles) character file.

Game seed: 11854469663530619384, levelgen mode: deterministic

50979 Lugonue the Unseen (level 14, -8/76 HPs)
             Began as a Vine Stalker Enchanter on Jan 22, 2020.
             Was a High Priest of Dithmenos.
             Killed from afar by an orc sorcerer (14 damage)
             ... with a bolt of negative energy
             ... while paralysed by an orc sorcerer
             ... on level 2 of the Orcish Mines on Jan 23, 2020.
             The game lasted 01:29:09 (17044 turns).

Lugonue the Unseen (Vine Stalker Enchanter)        Turns: 17044, Time: 01:29:10

Health: -8/76      AC: 21    Str: 13    XL:     14   Next: 57%
Magic:  0/27       EV:  2    Int: 16    God:    Dithmenos [*****.]
Gold:   1044       SH:  0    Dex: 19    Spells: 11/29 levels left

rFire    + + .     SeeInvis .   z - +5 rapier (protect)
rCold    . . .     Gourm    .   C - +1 buckler {AC+3}
rNeg     . . .     Faith    .   H - +1 troll leather armour
rPois    .         Spirit   +   (no helmet)
rElec    .         Reflect  +   k - +1 cloak
rCorr    .         Harm     .   (no gloves)
MR       +....                  f - +0 pair of boots
Stlth    +++++++++.             E - +4 amulet of reflection
HPRegen  1.42/turn              p - +3 ring of protection
MPRegen  0.20/turn              R - ring of wizardry

@: paralysed, protection aura, wreathed by umbra, drained
A: fangs 3, agile 1, fire resistance 2, regeneration 2, magic shield, antimagic
bite, no potion heal 3, rot immunity, MP-powered wands
a: Shadow Step, Shadow Form, Renounce Religion


You were on level 2 of the Orcish Mines.
You worshipped Dithmenos.
Dithmenos was extremely pleased with you.
You were hungry.

You visited 4 branches of the dungeon, and saw 18 of its levels.
You also visited: Volcano.

You collected 2148 gold pieces.
You spent 1104 gold pieces at shops.

Inventory:

Hand Weapons
 a - a +2 dagger of venom
 b - a +5 dagger of speed
 n - a +1 dagger of freezing
 u - a +4 short sword of holy wrath
 z - a +5 rapier of protection (weapon)
Missiles
 h - 2 throwing nets (quivered)
Armour
 f - a +0 pair of boots (worn)
 k - a +1 cloak (worn)
 l - a +1 leather armour of poison resistance
 C - a +1 buckler of protection (worn)
 H - a +1 troll leather armour (worn)
Jewellery
 e - an uncursed ring of see invisible
 i - an uncursed ring of resist corrosion
 p - a +3 ring of protection (left hand)
 A - an uncursed ring of fire
 B - an uncursed amulet of the gourmand
 E - a +4 amulet of reflection (around neck)
 M - an uncursed ring of protection from cold
 R - a ring of wizardry (right hand)
Wands
 g - a wand of iceblast (12)
 o - a wand of random effects (49)
 x - a wand of polymorph (15)
 y - a wand of flame (38)
 J - a wand of acid (9)
 K - a wand of disintegration (5)
 T - a wand of paralysis (8)
Scrolls
 c - 2 scrolls of teleportation
 m - 4 scrolls of amnesia
 r - 2 scrolls of vulnerability
 s - 6 scrolls of identify
 t - 5 scrolls of magic mapping
 v - 12 scrolls of remove curse
 w - a scroll of enchant armour
Potions
 j - 9 potions of curing
 q - a potion of magic
 D - 5 potions of berserk rage
 G - a potion of agility
 L - a potion of haste
 N - 2 potions of cancellation
 P - a potion of flight
 Q - a potion of resistance
Comestibles
 d - 33 rations


   Skills:
 + Level 9.8(8.6) Fighting
 - Level 8.2(7.1) Short Blades
 - Level 3.4(2.5) Armour
 + Level 6.4(5.3) Dodging
 + Level 15.5(14.2) Stealth
 - Level 7.9(6.8) Shields
 + Level 8.3(7.1) Spellcasting
 - Level 0.5(0.0) Conjurations
 + Level 9.6(8.4) Hexes
 - Level 2.9(1.9) Ice Magic


You had 11 spell levels left.
You knew the following spells:

 Your Spells              Type           Power        Failure   Level  Hunger
a - Tukima's Dance        Hex            ####....     1%          3    ##.....
b - Ensorcelled Hibernat  Hex/Ice        ###...       1%          2    None
c - Dazzling Flash        Conj/Hex       ###...       3%          3    ##.....
d - Silence               Hex/Air        ###.......   28%         5    #####..
e - Yara's Violent Unrav  Hex/Tmut       ###.......   28%         5    #####..

Your spell library contained the following spells:

 Spells                   Type           Power        Failure   Level  Hunger
 Corona                   Hex            ####...      1%          1    None
 Confusing Touch          Hex            ####....     1%          3    ##.....
 Cause Fear               Hex            ####......   1%          4    ####...
 Beastly Appendage        Tmut           #.....       6%          1    None
 Sticks to Snakes         Tmut           #.......     10%         2    None
 Spider Form              Tmut/Pois      #.........   19%         3    ##.....
 Ice Form                 Ice/Tmut       #.......     38%         4    ####...
 Blade Hands              Tmut           #.........   83%         5    #####..
 Deflect Missiles         Chrm/Air       #.........   100%        6    #######
 Discord                  Hex            ####......   100%        8    #######


Dungeon Overview and Level Annotations

Branches:
Dungeon (9/15)             Temple (1/1) D:7            Lair (6/6) D:9
  Swamp (0/4) Lair:4       Spider (0/4) Lair:2        Slime (0/5) Lair:5
    Orc (2/2) D:9         Volcano (visited)
    Elf: Orc:2

Altars:
Ashenzari
Cheibriados
Dithmenos
Elyvilon
Fedhas
Gozag
Hepliaklqana
Kikubaaqudgha
Makhleb
Nemelex Xobeh
Okawaru
Qazlal
Ru
Sif Muna
Trog
Uskayaw
Vehumet
Wu Jian
Xom
Yredelemnul
Zin
The Shining One
Beogh
Jiyva

Shops:
Orc:2 %::*

Annotations:
D:3 3 runed translucent doors, Ghost621's ghost, amateur DrWz
Lair:1 exclusion: oklob plant
Lair:5 1 runed translucent door, Qeorph's ghost, journeyman FoAK
Lair:6 exclusion: oklob plant


Innate Abilities, Weirdness & Mutations

You have razor-sharp teeth.
You heal very quickly.
When hurt, damage is shared between your health and your magic reserves.
Your bite disrupts and absorbs the magic of your enemies.
Potions cannot restore your health.
You are immune to rotting.
You are agile. (Dex +2)
Your flesh is very heat resistant. (rF++)
You expend magic power (3 MP) to strengthen your wands.


Message History

The orc sorcerer hits you with a +0 dagger.
The orc priest hits you but does no damage.
The orc priest calls upon Beogh to heal the orc sorcerer.
The orc sorcerer is healed somewhat.
The orc priest mumbles some strange prayers to Beogh against you.
Pain shoots through your body! The ice devil hits you!
The ice devil freezes you!
* * * LOW HITPOINT WARNING * * *
The orc sorcerer hits you but does no damage.
The orc priest barely misses you.
The orc priest hits you but does no damage.
The ice devil hits you but does no damage.
The orc sorcerer hits you but does no damage.
The orc priest hits you with a +0 hand axe!
* * * LOW HITPOINT WARNING * * *
The orc sorcerer is no longer blind.
The orc priest is no longer blind.
The ice devil hits you but does no damage.
The orc sorcerer points at you and mumbles some strange words.
The bolt of negative energy hits you!
You feel drained.
You die...

##### #####...
########## #....#..[#
##o #### ##'##.#...#
#....###[.## ###
#...#.##'##
#[oooo4.#..####..
#.).#.....)
#...o####..o##..#
#####....## ##.
###.oo#..# #..#....#.
#..o.@##.# #})'....#(
#..^4o...## #..####.##
#.#..#.....# ####......
########...######.####.
#### ##....'....#..#.
#...# #....####.'..#.
#...# ###....####.#).#.
#...###.....##..#)####.
#....))....##..'......


You could see an ice devil, an orc sorcerer, 3 orc priests and an orc.

Vanquished Creatures
  An ettin (Orc:1)
  A fire dragon (Lair:6)
  4 hydras
  3 two-headed ogres (Orc:2)
  4 orc high priests (Orc:2)
  Urug (Orc:1)
  A hell hog (Volcano)
  2 fire crabs
  A swamp dragon (Lair:6)
  Pikel (D:6)
  3 orc knights (Orc:2)
  2 orc sorcerers (Orc:2)
  2 wolf spiders (Lair:6)
  4 black mambas
  2 molten gargoyles (Volcano)
  12 spiny frogs
  2 rime drakes (Lair:5)
  7 komodo dragons
  3 trolls
  2 hornets (Lair:6)
  3 hippogriffs
  A bog body (Lair:4)
  2 blink frogs (Lair:6)
  14 dream sheep
  A redback (Lair:6)
  11 fire bats (Volcano)
  14 yaks
  13 wyverns
  A hungry ghost (D:7)
  Menkaure (D:6)
  3 steam dragons (Lair:6)
  4 wargs
  5 basilisks
  2 acid dragons (Lair:6)
  10 porcupines
  A hell hound (Volcano)
  Duvessa (D:7)
  11 ice beasts
  16 water moccasins
  2 black bears (D:9)
  32 orc warriors
  2 sky beasts
  6 wolves
  16 ogres
  4 centaurs
  13 crocodiles
  2 big kobolds (D:9)
  9 bullfrogs
  5 scorpions
  6 killer bees (D:9)
  Dowan (D:7)
  3 howler monkeys (D:9)
  3 lava snakes (Volcano)
  4 wights
  A bullfrog zombie (D:9)
  3 crimson imps
  2 hounds
  18 orc priests
  A centaur skeleton (D:7)
  4 jellies
  20 orc wizards
  A bullfrog skeleton (D:7)
  7 iguanas
  2 hell rats (Lair:2)
  7 worker ants
  A hound zombie (D:6)
  2 worker ant zombies
  11 gnolls
  A howler monkey skeleton (D:8)
  7 adders
  8 river rats (Lair:2)
  A shadow imp (D:9)
  4 oozes
  2 adder zombies (D:9)
  An adder skeleton (D:4)
  3 worms
  3 dart slugs (D:1)
  5 leopard geckos
  124 orcs
  3 ball pythons
  11 giant cockroaches
  11 hobgoblins
  15 jackals
  21 kobolds
  6 quokkas
  10 bats
  3 frilled lizards
  4 goblins
  26 rats
  A fungus (D:9)
630 creatures vanquished.

Vanquished Creatures (collateral kills)
  An orc warlord (Orc:2)
  2 orc high priests (Orc:2)
  3 orc warriors (Orc:2)
  3 ogres
  A wight (D:6)
  A howler monkey (D:5)
  4 orc priests (Orc:2)
  2 orc wizards (Orc:2)
  6 orcs (Orc:2)
23 creatures vanquished.

Vanquished Creatures (others)
  2 spiny frogs (Lair:6)
  7 dancing weapons
  A rime drake (Lair:6)
  2 blink frogs (Lair:6)
  A hippogriff (Lair:6)
  A wyvern (Lair:6)
  A water moccasin (Lair:6)
  4 slaves (D:6)
  3 centaurs (Lair:5)
  A crocodile (Lair:6)
  2 wights (D:6)
  5 bushes
  45 fungi
  31 plants
106 creatures vanquished.

Grand Total: 759 creatures vanquished

Notes
Turn   | Place    | Note
-------+----------+-------------------------------------------
     0 | D:1      | Lugonue the Vine Stalker Enchanter began the quest for the
                  | Orb.
     0 | D:1      | Reached XP level 1. HP: 9/9 MP: 4/4
    33 | D:1      | Reached XP level 2. HP: 11/13 MP: 3/6
   470 | D:1      | Reached XP level 3. HP: 16/16 MP: 7/7
   566 | D:1      | Reached skill level 1 in Short Blades
   566 | D:1      | Reached skill level 4 in Stealth
   573 | D:1      | Learned a level 2 spell: Ensorcelled Hibernation
   914 | D:1      | Gained mutation: Your natural rate of healing is unusually
                  | fast. [Vine Stalker growth]
   914 | D:1      | Reached XP level 4. HP: 21/21 MP: 8/8
  1485 | D:3      | Found a runed translucent gate.
  1490 | D:3      | Found a runed translucent gate.
  1491 | D:3      | Found a runed translucent gate.
  1600 | D:3      | Reached XP level 5. HP: 20/25 MP: 1/9
  1767 | D:3      | Noticed Ghost621's ghost (amateur DrWz)
  1897 | D:3      | Learned a level 3 spell: Dazzling Flash
  1924 | D:3      | Reached skill level 5 in Stealth
  1947 | D:3      | Reached skill level 1 in Fighting
  2444 | D:2      | Found a shimmering altar of Xom.
  2589 | D:2      | Reached XP level 6. HP: 30/30 MP: 11/11
  3121 | D:4      | Noticed an ice beast
  3251 | D:4      | Killed an ice beast
  3251 | D:4      | Reached skill level 1 in Ice Magic
  3251 | D:4      | Reached XP level 7. HP: 25/34 MP: 10/13
  3681 | D:5      | Entered Level 5 of the Dungeon
  3723 | D:5      | Reached skill level 6 in Stealth
  3739 | D:5      | Learned a level 3 spell: Tukima's Dance
  4054 | D:5      | Found a stormy altar of Qazlal.
  4185 | D:6      | Gained mutation: You have razor-sharp teeth. [Vine Stalker
                  | growth]
  4185 | D:6      | Reached XP level 8. HP: 33/39 MP: 9/14
  4220 | D:6      | Noticed Menkaure
  4222 | D:6      | Noticed Pikel
  4229 | D:6      | Killed Pikel
  4229 | D:6      | Reached skill level 7 in Stealth
  4229 | D:6      | Reached skill level 5 in Hexes
  4274 | D:6      | Killed Menkaure
  4274 | D:6      | Reached skill level 8 in Stealth
  4383 | D:6      | Reached XP level 9. HP: 41/42 MP: 16/16
  5316 | D:7      | Reached skill level 9 in Stealth
  5316 | D:7      | Reached skill level 5 in Spellcasting
  5523 | D:7      | Noticed Duvessa
  5544 | D:7      | Noticed Dowan
  5560 | D:7      | Killed Dowan
  5575 | D:7      | Killed Duvessa
  5678 | D:7      | Found a staircase to the Ecumenical Temple.
  5689 | D:7      | Reached skill level 1 in Armour
  5700 | Temple   | Entered the Ecumenical Temple
  5783 | Temple   | Became a worshipper of Dithmenos the Shadowed
  6492 | D:8      | Found a glowing silver altar of Zin.
  6496 | D:8      | Found a sparkling altar of Nemelex Xobeh.
  6497 | D:8      | Found an iron altar of Okawaru.
  6544 | D:8      | Reached XP level 10. HP: 36/47 MP: 8/19
  6683 | D:8      | Reached skill level 5 in Short Blades
  7004 | D:8      | Reached * piety under Dithmenos
  7333 | D:9      | Reached skill level 10 in Stealth
  7562 | D:9      | Reached ** piety under Dithmenos
  7566 | D:9      | Found an ornate altar of the Wu Jian Council.
  7671 | D:9      | Found a staircase to the Lair.
  7746 | D:9      | Reached skill level 11 in Stealth
  7976 | D:9      | Found a staircase to the Orcish Mines.
  8290 | Lair:1   | Entered Level 1 of the Lair of Beasts
  8326 | Lair:1   | Reached *** piety under Dithmenos
  8359 | Lair:1   | Reached XP level 11. HP: 52/52 MP: 21/21
  8450 | Lair:1   | Noticed an oklob plant
  8612 | Lair:1   | Noticed a seven-headed hydra
  8614 | Lair:1   | Killed a seven-headed hydra
  8614 | Lair:1   | Reached skill level 12 in Stealth
  9316 | Lair:2   | Reached skill level 1 in Shields
  9652 | Lair:2   | Found a hole to the Spider Nest.
  9731 | Lair:2   | Gained mutation: Your flesh is heat resistant. (rF+)
                  | [potion of mutation]
  9731 | Lair:2   | Gained mutation: Your flesh is very heat resistant. (rF++)
                  | [potion of mutation]
  9731 | Lair:2   | Gained mutation: You are agile. (Dex +2) [potion of
                  | mutation]
  9731 | Lair:2   | Gained mutation: You expend magic power (3 MP) to
                  | strengthen your wands. [potion of mutation]
 10083 | Lair:3   | Noticed a five-headed hydra
 10115 | Lair:2   | Reached skill level 5 in Shields
 10285 | Lair:3   | Noticed a five-headed hydra
 10292 | Lair:3   | Killed a five-headed hydra
 10311 | Lair:3   | Killed a five-headed hydra
 10401 | Lair:3   | Gained mutation: You heal very quickly. [Vine Stalker
                  | growth]
 10401 | Lair:3   | Reached XP level 12. HP: 56/56 MP: 14/22
 10561 | Lair:4   | Got a dazzling short sword
 10562 | Lair:4   | Identified the cursed +1 short sword of Forgiveness {holy,
                  | rF+ rN+ Str-5} (You found it on level 4 of the Lair of
                  | Beasts)
 10724 | Lair:4   | Found a staircase to the Swamp.
 11241 | Lair:4   | Reached skill level 13 in Stealth
 11445 | Lair:5   | Found a dark tunnel.
 11452 | Volcano  | Entered a volcano
 11534 | Volcano  | Reached **** piety under Dithmenos
 11755 | Volcano  | Found a radiant altar of Vehumet.
 11755 | Volcano  | Noticed a hell hog
 11832 | Volcano  | Killed a hell hog
 12156 | Lair:5   | Reached skill level 5 in Dodging
 12453 | Lair:5   | Reached skill level 14 in Stealth
 12453 | Lair:5   | Reached XP level 13. HP: 56/63 MP: 24/24
 12605 | Lair:5   | Found a runed translucent door.
 12605 | Lair:5   | Noticed Qeorph's ghost (journeyman FoAK)
 12606 | Lair:5   | Found a shimmering altar of Xom.
 12658 | Lair:5   | Found an ancient bone altar of Kikubaaqudgha.
 12909 | Lair:5   | Found a viscous altar of Jiyva.
 12909 | Lair:5   | Found a staircase to the Slime Pits.
 13068 | Lair:6   | Entered Level 6 of the Lair of Beasts
 13426 | Lair:6   | Reached skill level 5 in Fighting
 13555 | Lair:6   | Paralysed by a hornet for 1 turns
 13701 | Lair:6   | Noticed a fire dragon
 13708 | Lair:6   | Killed a fire dragon
 13878 | Lair:6   | Reached ***** piety under Dithmenos
 13881 | Lair:6   | Reached skill level 15 in Stealth
 13955 | Lair:6   | HP: 3/64 [blink frog (6)]
 14671 | Orc:1    | Entered Level 1 of the Orcish Mines
 14706 | Orc:2    | Entered Level 2 of the Orcish Mines
 15049 | Orc:1    | Noticed Urug
 15051 | Orc:1    | Killed Urug
 15051 | Orc:1    | Reached XP level 14. HP: 66/70 MP: 22/27
 15943 | Orc:2    | Noticed an orc warlord
 15999 | Orc:2    | Killed an orc warlord
 16115 | Orc:2    | Found Daughuuv's Book Shoppe.
 16228 | Orc:2    | Bought a book of Enchantments for 800 gold pieces
 16234 | Orc:2    | Learned a level 5 spell: Silence
 16323 | Orc:2    | Found a roughly hewn altar of Beogh.
 16364 | Orc:2    | Found Wyalaen's Food Emporium.
 16641 | Orc:2    | Found a roughly hewn altar of Beogh.
 16693 | Orc:2    | Learned a level 5 spell: Yara's Violent Unravelling
 16738 | Orc:2    | Found Gucol's Assorted Antiques.
 16744 | Orc:2    | Bought a scroll of teleportation for 87 gold pieces
 16744 | Orc:2    | Bought a scroll of enchant armour for 217 gold pieces
 16750 | Orc:2    | Found Teti Bat's Book Shop.
 17014 | Orc:2    | Paralysed by an orc sorcerer for 3 turns
 17040 | Orc:2    | Paralysed by an orc sorcerer for 5 turns
 17044 | Orc:2    | Killed from afar by an orc sorcerer

Levels and vault maps discovered:
D:1:      erik_arrival_orb_chamber, layout_basic, minmay_vboxes
D:2:      minmay_kobold_bridge, layout_basic, xom_teletrap_fun
D:3:      layout_basic, gammafunk_ghost_icy, minmay_stone_trees_medium,
          st_stairs_10
D:4:      layout_rooms, first_ration
D:5:      layout_rooms, nicolae_qazlal_general_emergency,
          chequers_serial_rivers_marsh
D:6:      layout_loops_ring, grunt_ministairs_3, kb_lookout_dungeons_type,
          uniq_menkaure, uniq_pikel
D:7:      layout_basic, nicolae_overflow_hidden_temple, temple_hall,
          uniq_duvessa
D:8:      layout_loops_ring, gammafunk_temple_overflow_forgotten, special_room
          [special_room_orc]
D:9:      layout_roguey, old_standard_altar, due_lair_maze_entry_diamond,
          hiddenorc2_lemuel, blue_anna_alchemist [blue_anna_fruit_fields,
          blue_anna_fruit_fields]
Temple:   nicolae_temple_elliptical
Lair:1:   layout_small_grid, minmay_lair_oklob_chamber
Lair:2:   beast_lair_carwin_large_1, layout_loops_ring,
          nicolae_spider_entry_non_spiders, kennysheep_rathole
Lair:3:   layout_cave_shapes, serial_bayou_shore_b
Lair:4:   layout_roguey, skrybe_swamp_entry_bodies, lemuel_fruit_tree
Lair:5:   layout_regular_city, dpeg_slime_entry_enclosed_altar,
          portal_ice_cave_entry_ice_beasts, nicolae_volcano_entry_hallway,
          ebering_ghost_xom, lemuel_centaur_altar, serial_bayou_shore_b,
          grunt_megastairs_1, infiniplex_staircase_pool_2, serial_bayou_shore_b
Lair:6:   hangedman_lair_tendril_chambers, layout_gridlike,
          guppyfry_lair_end_dragon, minmay_lair_oklob_items,
          kennysheep_basilisk_garden
Orc:1:    layout_diamond_mine, uniq_urug
Orc:2:    pubby_orc_utopia

Skill      XL: |  1  2  3  4  5  6  7  8  9 10 11 12 13 14 |
---------------+-------------------------------------------+-----
Dodging        | 2 3 4 5 6 |  6.4
Short Blades   | 1 2 3 4 5 7 8 |  8.2
Stealth        | 4 5 6 8 9 11 12 14 15 | 15.5
Fighting       | 1 2 3 4 6 9 |  9.8
Spellcasting   | 3 4 5 6 7 8 |  8.3
Ice Magic      | 1 2 |  2.9
Hexes          | 4 5 6 7 8 9 |  9.6
Armour         | 1 2 3 |  3.4
Shields        | 7 |  7.9
Conjurations   | |  0.5

Action                   |  1- 3 |  4- 6 |  7- 9 | 10-12 | 13-15 || total
-------------------------+-------+-------+-------+-------+-------++-------
Melee: Dagger            |   104 |   293 |   269 |   871 |   258 ||  1795
       Bite              |    21 |    71 |    71 |   285 |   236 ||   684
       Short sword       |       |       |    13 |     7 |       ||    20
       Rapier            |       |       |       |       |   492 ||   492
Throw: Throwing net      |       |       |       |       |     1 ||     1
 Cast: Corona            |     4 |     6 |     1 |       |       ||    11
       Ensorcelled Hiber |     1 |    22 |    20 |    53 |    42 ||   138
       Dazzling Flash    |       |     4 |     5 |    39 |    73 ||   121
       Tukima's Dance    |       |       |    24 |       |    29 ||    53
       Silence           |       |       |       |       |     1 ||     1
       Yara's Violent Un |       |       |       |       |     1 ||     1
Invok: Shadow Step       |       |       |       |     3 |     7 ||    10
Evoke: Wand              |       |       |       |       |     7 ||     7
  Use: Potion            |     1 |     7 |       |     1 |     2 ||    11
       Scroll            |     1 |     4 |     9 |    13 |    10 ||    37
 Stab: Sleeping          |     7 |    20 |    19 |    44 |    43 ||   133
       Invisible         |       |     2 |     4 |    25 |    43 ||    74
       Distracted        |       |       |     1 |     2 |     9 ||    12
       Held in net/web   |       |       |       |       |     1 ||     1
  Eat: Chunk             |       |     7 |     7 |    17 |    13 ||    44
       Ration            |       |     1 |     2 |     2 |     1 ||     6
Armor: Robe              |    17 |    47 |    16 |       |       ||    80
       Leather armour    |       |       |    38 |    50 |       ||    88
       Troll leather arm |       |       |       |   104 |   133 ||   237
Dodge: Dodged            |    57 |   215 |   143 |   472 |   450 ||  1337
Block: Buckler           |       |       |       |   242 |   419 ||   661
       Reflection        |       |       |       |     4 |    21 ||    25

Table legend:
 A = Non-vault XP
 B = Vault XP
 C = Vault XP percentage of total XP
 D = Non-vault monster count
 E = Vault monster count
 F = Vault count percentage of total count
                 A         B        C        D         E       F
            +---------+---------+-------+---------+---------+-------
      Total |   29745 |   43083 |  59.2 |     320 |     339 |  51.4
            +---------+---------+-------+---------+---------+-------
        D:1 |      65 |      26 |  28.6 |      27 |      20 |  42.6
        D:2 |      91 |       8 |   8.1 |      26 |       4 |  13.3
        D:3 |     173 |       4 |   2.3 |      36 |       2 |   5.3
        D:4 |     417 |       0 |   0.0 |      19 |       0 |   0.0
        D:5 |     359 |       0 |   0.0 |      16 |       0 |   0.0
        D:6 |    1164 |     867 |  42.7 |      18 |       4 |  18.2
        D:7 |     647 |     211 |  24.6 |      19 |       2 |   9.5
        D:8 |    1117 |     210 |  15.8 |      22 |      15 |  40.5
        D:9 |    1207 |    2248 |  65.1 |      23 |      45 |  66.2
     Lair:1 |    1779 |       0 |   0.0 |       6 |       0 |   0.0
     Lair:2 |    2403 |    1681 |  41.2 |      14 |      26 |  65.0
     Lair:3 |    3939 |       0 |   0.0 |      11 |       0 |   0.0
     Lair:4 |    3499 |     257 |   6.8 |      16 |       1 |   5.9
     Lair:5 |    3908 |    1846 |  32.1 |      18 |      13 |  41.9
     Lair:6 |    6239 |   12000 |  65.8 |      24 |      46 |  65.7
      Orc:1 |    2738 |     855 |  23.8 |      25 |       1 |   3.8
      Orc:2 |       0 |   18059 | 100.0 |       0 |     141 | 100.0
    Volcano |       0 |    4811 | 100.0 |       0 |      19 | 100.0
            +---------+---------+-------+---------+---------+-------
